 Dungeon Crawl Stone Soup version 0.31-a0-496-g6f97920a28 (webtiles) character file.

Game seed: 12540538463666715048

2541 jasper the Covert (level 9, 0/45 HPs)
             Began as a Spriggan Venom Mage on Aug 7, 2023.
             Was an Initiate of Ashenzari.
             Slain by a black bear (5 damage)
             ... on level 6 of the Dungeon on Aug 8, 2023.
             The game lasted 00:17:50 (6882 turns).

jasper the Covert (Spriggan Venom Mage)             Turns: 6882, Time: 00:17:50

Health: 0/45       AC:  4    Str:  4    XL:     9   Next: 30%
Magic:  9/17       EV: 20    Int: 25    God:    Ashenzari [......]
Gold:   178        SH:  9    Dex: 15    Spells: 5/18 levels left

rFire   + . .        h - +10 war axe "Loihi" {heavy, *Corrode rC+ Stlth+}
rCold   + . .        (no shield)
rNeg    . . .        a - +0 robe
rPois   .            (helmet restricted)
rElec   .            t - +1 cloak
rCorr   .            (gloves unavailable)
SInv    +            (boots unavailable)
Will    +....        k - amulet of reflection
Stlth   +++++        q - ring of protection from fire
HPRegen 0.27/turn    y - +6 ring of intelligence
MPRegen 0.15/turn

%: corrode self (3%), reflection
@: very quick
A: very small, no large weapons, unfitting armour, see invisible, speed 3, large
bone plates 1, dopey 1
a: Renounce Religion


You were on level 6 of the Dungeon.
You worshipped Ashenzari.
Ashenzari was noncommittal.
You visited 2 branches of the dungeon, and saw 7 of its levels.
You also visited: Ossuary.

You collected 286 gold pieces.
You spent 108 gold pieces at shops.

Inventory:

Hand Weapons
 d - a +1 dagger
 h - the +10 war axe "Loihi" (weapon) {heavy, *Corrode rC+ Stlth+}
   (You found it on level 3 of the Dungeon)

   rC:        It protects you from cold.
   *Corrode:  It may corrode you when you take damage.
   Stlth:     It makes you more stealthy.
 l - a +0 short sword
 n - a +0 rapier
 E - the +8 sling of Plog {heavy, rPois}
   (You found it on level 5 of the Dungeon)

   rPois:     It protects you from poison.
Missiles
 f - 7 boomerangs
 r - 11 curare-tipped darts
Armour
 a - a +0 robe (worn)
 t - a +1 cloak (worn)
Magical Staves
 x - a staff of fire
Jewellery
 e - an amulet of the acrobat
 k - an amulet of reflection (around neck)
 q - a ring of protection from fire (left hand)
 w - a ring of protection from cold
 y - a +6 ring of intelligence (right hand)
 A - a ring of fire
 H - a +4 ring of slaying
Wands
 v - a wand of mindburst (2)
 C - a wand of flame (12)
Scrolls
 u - 4 scrolls of teleportation
 D - a scroll of identify
 G - a scroll of enchant weapon
Potions
 b - 2 potions of magic
 c - 8 potions of curing
 g - a potion of enlightenment
 i - a potion of degeneration
 j - a potion of haste
 m - 3 potions of attraction
 o - 2 potions of heal wounds
 p - 3 potions of invisibility
 s - a potion of brilliance
 z - a potion of resistance
 B - 2 potions of berserk rage
 I - a potion of lignification {unknown}


   Skills:
 - Level 4.2 Fighting
 - Level 7.3 Dodging
 - Level 8.7 Stealth
 - Level 5.0 Spellcasting
 - Level 1.0 Conjurations
 + Level 3.5 Summonings
 - Level 1.3 Transmutations
 - Level 1.0 Air Magic
 - Level 6.0 Poison Magic
 - Level 4.0 Evocations


You had 5 spell levels left.
You knew the following spells:

 Your Spells              Type           Power      Damage    Failure   Level
a - Sting                 Tmut/Pois      96%        1d7       1%          1
b - Poisonous Vapours     Pois/Air       46%        N/A       3%          2
c - Mephitic Cloud        Conj/Pois/Air  19%        N/A       9%          3
d - Olgreb's Toxic Radia  Pois           36%        N/A       7%          4
e - Call Canine Familiar  Summ           24%        N/A       6%          3

Your spell library contained the following spells:

 Spells                   Type           Power      Damage    Failure   Level
 Portal Projectile        Hex/Tloc       12%        N/A       24%         3
 Tukima's Dance           Hex            6%         N/A       24%         3
 Leda's Liquefaction      Hex/Erth       3%         N/A       63%         4
 Passage of Golubria      Tloc           6%         N/A       63%         4
 Yara's Violent Unravell  Hex/Tmut       4%         3d4       86%         5


Dungeon Overview and Level Annotations

Branches:
Dungeon (6/15)             Temple (1/1) D:5         Ossuary (visited)

Altars:
Ashenzari
Cheibriados
Dithmenos
Elyvilon
Fedhas
Gozag
Kikubaaqudgha
Makhleb
Nemelex Xobeh
Okawaru
Qazlal
Ru
Sif Muna
Uskayaw
Vehumet
Wu Jian
Xom
Yredelemnul
The Shining One

Shops:
D:4 *


Innate Abilities, Weirdness & Mutations

You are very small and have problems with some larger weapons.
You are too small for most types of armour.
You have supernaturally acute eyesight. (SInv)
You cover ground extremely quickly. (Speed+++)
You are partially covered in large bone plates. (SH +4)
You are dopey. (Int -2)


Message History

You begin to radiate toxic energy.
The scorpion is poisoned.
The black bear is poisoned.
The black bear looks even sicker.
You block the scorpion's attack. The acid dragon bites you!
The acid dragon completely misses you.
You take 7 damage, and have 26/45 hp.
You now have 8/17 mp.
You hit the acid dragon. Your punch misses the acid dragon.
The acid dragon is almost dead.
You barely miss the scorpion.
You kill the scorpion!
The acid dragon spits acid at you.
You block splash of acid... and reflect it back!
The splash of acid hits the acid dragon.
You kill the acid dragon!
The acid dragon scales are intact enough to wear.
Your Summonings skill increases to level 3!
You slash the black bear!
The black bear is heavily wounded.
Your toxic aura wanes.
You block the black bear's attack. The black bear closely misses you.
You block the black bear's attack. The black bear misses you.
The black bear closely misses you. x2
You barely miss the black bear.
The black bear is severely wounded.
The black bear goes berserk!
The black bear bites you. The black bear closely misses you.
You block the black bear's attack. The black bear closely misses you.
The black bear barely misses you. The black bear misses you.
Your magical contamination has completely faded away.
You take 3 damage, and have 24/45 hp.
You barely miss the black bear.
The black bear is almost dead.
The black bear bites you! The black bear claws you.
* * * LOW HITPOINT WARNING * * *
The black bear claws you.
* * * LOW HITPOINT WARNING * * *
The black bear bites you but does no damage.
You block the black bear's attack. The black bear claws you.
* * * LOW HITPOINT WARNING * * *
The black bear bites you.
You die...

### #>. #.# ##.###
.... #.#.###..# ###
......h[.# #.. #@.#
#.# # ##.###.#
#...#...##.###
..._..........#
.#...#..#.#.#.###.#
##.###...........#
#...#..#.#.#.#####
... ..........# ##
#######..###


You could see a black bear (berserk, poisoned).

Vanquished Creatures
  Pikel (D:5)
  Prince Ribbit (D:5)
  Sigmund (D:5)
  A wraith (Ossuary)
  An acid dragon (D:6)
  A water moccasin (D:5)
  7 scorpions
  9 hounds
  3 sleepcaps
  An orc priest (D:3)
  4 iguanas
  Terence (D:1)
  Ijyb (D:3)
  2 orc wizards
  A mummy (Ossuary)
  7 adders
  8 gnolls (D:2)
  A white imp (D:5)
  An ufetubus (D:5)
  3 dart slugs (D:2)
  11 orcs
  9 endoplasms
  4 giant cockroaches
  7 goblins
  14 hobgoblins
  12 jackals
  5 quokkas
  9 ball pythons
  7 bats
  3 frilled lizards
  6 gnoll skeletons (Ossuary)
  2 goblin zombies (D:4)
  10 kobolds
  2 kobold skeletons (Ossuary)
  17 orc skeletons (Ossuary)
  5 rats
178 creatures vanquished.

Vanquished Creatures (collateral kills)
  An ice beast (D:6)
1 creature vanquished.

Grand Total: 179 creatures vanquished

Notes
Turn   | Place    | Note
-------+----------+-------------------------------------------
     0 | D:1      | jasper the Spriggan Venom Mage began the quest for the Orb.
     0 | D:1      | Reached XP level 1. HP: 9/9 MP: 5/5
   289 | D:1      | Reached XP level 2. HP: 13/13 MP: 2/7
   313 | D:1      | Learned a level 2 spell: Poisonous Vapours
   821 | D:1      | Reached XP level 3. HP: 16/16 MP: 2/9
   825 | D:1      | Learned a level 3 spell: Mephitic Cloud
  1549 | D:2      | Noticed Terence
  1565 | D:1      | Killed Terence
  1566 | D:1      | Reached XP level 4. HP: 21/21 MP: 3/11
  1571 | D:1      | Learned a level 4 spell: Olgreb's Toxic Radiance
  2315 | D:2      | Reached XP level 5. HP: 24/24 MP: 11/13
  2557 | D:2      | Reached skill level 5 in Spellcasting
  2599 | D:2      | Reached skill level 5 in Poison Magic
  3119 | D:3      | Identified the +10 war axe "Loihi" {heavy, *Corrode rC+
                  | Stlth+}
  3254 | D:3      | Reached XP level 6. HP: 28/28 MP: 1/14
  3410 | D:3      | Found a burning altar of Makhleb.
  3410 | D:3      | Noticed a cacodemon
  3677 | D:3      | Noticed Ijyb
  3685 | D:3      | Killed Ijyb
  3871 | D:4      | Found Umniomu's Assorted Antiques.
  3875 | D:4      | Bought a bronze ring for 90 gold pieces
  3875 | D:4      | Bought a scroll labelled CAOHAU HUWOSE for 18 gold pieces
  3894 | D:4      | Found a sand-covered staircase.
  3944 | Ossuary  | Entered an ossuary
  3944 | Ossuary  | Noticed a wraith
  3944 | Ossuary  | Noticed a wraith
  3944 | Ossuary  | Noticed a wraith
  3979 | Ossuary  | Noticed a wraith
  3998 | Ossuary  | Gained mutation: You are frail. (-10% HP) [potion of
                  | mutation]
  3998 | Ossuary  | Gained mutation: You are resistant to electric shocks.
                  | (rElec) [potion of mutation]
  4005 | Ossuary  | Killed a wraith
  4006 | Ossuary  | Reached XP level 7. HP: 22/28 MP: 15/15
  4284 | D:4      | Reached skill level 1 in Fighting
  4284 | D:4      | Reached skill level 4 in Stealth
  4284 | D:4      | Reached skill level 1 in Air Magic
  4433 | D:4      | Reached skill level 1 in Conjurations
  4727 | D:4      | Found an iron altar of Okawaru.
  4860 | D:4      | Found a stormy altar of Qazlal.
  4866 | D:4      | Reached skill level 5 in Stealth
  5078 | D:5      | Entered Level 5 of the Dungeon
  5102 | D:5      | Identified the +8 sling of Plog {heavy, rPois}
  5120 | D:5      | Found a staircase to the Ecumenical Temple.
  5134 | D:5      | Lost mutation: You are resistant to electric shocks.
                  | (rElec) [potion of mutation]
  5134 | D:5      | Lost mutation: You are frail. (-10% HP) [potion of
                  | mutation]
  5134 | D:5      | Gained mutation: You are dopey. (Int -2) [potion of
                  | mutation]
  5134 | D:5      | Gained mutation: You are partially covered in large bone
                  | plates. (SH +4) [potion of mutation]
  5135 | D:5      | Upgraded the game from 0.31-a0-486-g8d68a81214 to
                  | 0.31-a0-496-g6f97920a28
  5185 | D:5      | Reached XP level 8. HP: 39/39 MP: 11/16
  5379 | D:5      | Reached skill level 5 in Dodging
  5451 | D:5      | Reached skill level 6 in Stealth
  5538 | D:5      | Noticed Prince Ribbit
  5558 | D:5      | Killed Prince Ribbit
  5708 | D:5      | Noticed Sigmund
  5736 | D:5      | Killed Sigmund
  5737 | D:5      | Reached skill level 7 in Stealth
  5810 | D:5      | Noticed Pikel
  5818 | D:5      | Killed Pikel
  5819 | D:5      | Reached skill level 8 in Stealth
  5819 | D:5      | Reached XP level 9. HP: 39/45 MP: 7/17
  5824 | D:5      | Learned a level 3 spell: Call Canine Familiar
  6063 | D:5      | Reached skill level 1 in Summonings
  6471 | Temple   | Entered the Ecumenical Temple
  6487 | Temple   | Became a worshipper of Ashenzari the Shackled
  6677 | D:6      | Found a sparkling altar of Nemelex Xobeh.
  6867 | D:6      | Found a radiant altar of Vehumet.
  6882 | D:6      | Slain by a black bear

Illustrated notes

Levels and vault maps discovered:
D:1:      tarquinn_simple_flora_water_f, layout_loops_cross
D:2:      layout_loops_cross, minmay_crystal_water, serial_bayou_lagoon_a,
          uniq_terence
D:3:      layout_basic, makhleb_altar_promises_db, serial_rivers,
          chequers_serial_rivers_marsh, chequers_serial_rivers_small_b,
          chequers_serial_rivers_micro_b, chequers_serial_rivers_small_3,
          roderic_st_hans_cross, uniq_ijyb
D:4:      layout_loops_ring, hellmonk_okawaru_the_only_friend_you_need,
          mainiacjoe_overflow_tiny_flanked, enter_ossuary_4, serial_shops,
          nicolae_shop_temple_entry_statues_fountains, minmay_increasing_density
D:5:      layout_loops_corners, minmay_temple_entry_mist, uniq_prince_ribbit1,
          uniq_sigmund, uniq_pikel
D:6:      layout_loops_ring, vehumet_crystals, nemelex_spade_bored_becter,
          uniq_blork_the_orc, uniq_grinder
Temple:   nicolae_temple_superstar

Skill      XL: |  1  2  3  4  5  6  7  8  9 |
---------------+----------------------------+-----
Spellcasting   | 3 4 5 |  5.0
Poison Magic   | 4 5 6 |  6.0
Dodging        | 3 4 7 |  7.3
Evocations     | 3 4 |  4.0
Fighting       | 2 4 |  4.2
Stealth        | 5 8 |  8.7
Air Magic      | 1 |  1.0
Conjurations   | 1 |  1.0
Summonings     | 3 |  3.5
Transmutations | |  1.3

Action                     |  1- 3 |  4- 6 |  7- 9 || total
---------------------------+-------+-------+-------++-------
  Melee: Dagger            |    40 |     5 |       ||    45
         Rapier            |       |    22 |       ||    22
         War axe           |       |    36 |    89 ||   125
         Punch             |       |     1 |       ||     1
   Cast: Sting             |    50 |    30 |    13 ||    93
         Poisonous Vapours |    13 |    35 |    32 ||    80
         Olgreb's Toxic Ra |       |     4 |     6 ||    10
         Mephitic Cloud    |       |     1 |     1 ||     2
         Call Canine Famil |       |       |     2 ||     2
  Evoke: Wand              |       |     2 |     4 ||     6
    Use: Scroll            |       |     5 |    11 ||    16
         Potion            |       |     7 |     1 ||     8
   Stab: Sleeping          |       |     3 |     8 ||    11
         Distracted        |       |     1 |     1 ||     2
 Armour: Robe              |     5 |     9 |     9 ||    23
  Dodge: Dodged            |    48 |    57 |    90 ||   195
  Block: Other             |       |    17 |    37 ||    54
         Reflection        |       |       |     1 ||     1

Table legend: (Time is in decaauts)
 A = Elapsed time spent in this place.
 B = Non-inter-level travel time spent in this place.
 C = Inter-level travel time spent in this place.
 D = Time resting spent in this place.
 E = Time spent auto-exploring this place.
 F = Levels seen in this place.
 G = Mean time per level.
                   A        B        C        D        E       F      G
               +--------+--------+--------+--------+--------+-----+--------+
         Total |   5529 |   5402 |    127 |    190 |   4018 |   8 |  691.1 |
       Dungeon |   5300 |   5191 |    109 |    190 |   3935 |   6 |  883.3 |
        Temple |     20 |      2 |     18 |      0 |      0 |   1 |   20.0 |
       Ossuary |    207 |    207 |      0 |      0 |     83 |   1 |  207.0 |
               +--------+--------+--------+--------+--------+-----+--------+

Top non-repeatable levels by time:
     D:1: 1245 daAuts
     D:2: 1199 daAuts
     D:5: 1106 daAuts
     D:4: 767 daAuts
     D:3: 699 daAuts
     D:6: 282 daAuts
 Ossuary: 207 daAuts
  Temple: 20 daAuts
